 Dungeon Crawl Stone Soup version 0.11.0-9-gb634444 (webtiles) character file.

226 Ulfgar the Ruffian (level 4, -8/38 HPs)
             Began as a Naga Transmuter on Mar 6, 2013.
             Mangled by an ogre
             ... wielding a +0,+0 giant club
              (28 damage)
             ... on Level 4 of the Dungeon.
             The game lasted 00:09:17 (2459 turns).

Ulfgar the Ruffian (Naga Transmuter)                Turns: 2459, Time: 00:09:17

HP  -8/38        AC  2     Str 12      XL: 4   Next: 20%
MP   6/6         EV 10     Int 15      God:
Gold 157         SH  0     Dex 11      Spells:  2 memorised,  3 levels left

Res.Fire  : . . .   See Invis. : +     - Unarmed
Res.Cold  : . . .   Warding    : .   c - +0 robe
Life Prot.: . . .   Conserve   : .   (no shield)
Res.Poison: +       Res.Corr.  : .   (no helmet)
Res.Elec. : .       Clarity    : .   (no cloak)
Sust.Abil.: . .     Spirit.Shd : .   (no gloves)
Res.Mut.  : .       Stasis     : .   (no barding)
Res.Rott. : .       Ctrl.Telep.: .   (no amulet)
Saprovore : . . .   Levitation : .   (no ring) Ctrl.Flight: .
                                     (no ring)

@: very slow, slightly resistant to hostile enchantments, unstealthy
A: spit poison, constrict 1, see invisible, deformed body, poison resistance,
slowness 2
a: Spit Poison


You were on level 4 of the Dungeon.
You were not hungry.

You visited 1 branch of the dungeon, and saw 4 of its levels.

You collected 137 gold pieces.

Inventory:

Missiles
 b - 12 arrows
 h - 12 darts (quivered)
Armour
 c - a +0 robe (worn)
Comestibles
 a - 2 bread rations
 p - a rotting chunk of rat flesh
Scrolls
 e - a scroll of enchant armour {unknown}
 f - 4 scrolls of identify
 g - 5 scrolls of teleportation
 l - a scroll of remove curse {unknown}
 r - a scroll of noise {unknown}
 s - a scroll of curse weapon {unknown}
 u - a scroll of fear {unknown}
Jewellery
 o - an uncursed amulet of guardian spirit
Potions
 i - a potion of paralysis {unknown}
 j - a potion of heal wounds
 k - 2 potions of levitation
 m - 3 potions of curing {unknown}
 n - a potion of blood {unknown}
Books
 d - a book of Changes

   Spells                             Type                      Level
   *Beastly Appendage                 Transmutation                1
   Sticks to Snakes                   Transmutation                2
   *Spider Form                       Transmutation/Poison         3
   Ice Form                           Ice/Transmutation            4
   Blade Hands                        Transmutation                5


   Skills:
 - Level 1,0 Fighting
 - Level 1,5 Dodging
 - Level 4,1 Unarmed Combat
 - Level 2,0 Spellcasting
 * Level 3,2 Transmutations


You had 3 spell levels left.
You knew the following spells:

 Your Spells              Type           Power        Failure   Level  Hunger
a - Beastly Appendage     Trmt           ###....      8%          1    #......
b - Spider Form           Trmt/Pois      ##........   34%         3    ####...


Dungeon Overview and Level Annotations

Branches:
Dungeon (4/27)
 Temple: D:4-7

Altars:


Innate Abilities, Weirdness & Mutations

You cannot wear boots.
You can spit poison.
Your serpentine skin is tough (AC +1).*
You have supernaturally acute eyesight.
Armour fits poorly on your strangely shaped body.*
Your system is resistant to poisons.*
You cover ground very slowly.*


Message History

The smell of rotting flesh makes you sick. (slot p)
You climb upwards.
There is a stone staircase leading down here.
Casting: Beastly Appendage
Confirm with . or Enter, or press ? or * to list all spells.
You fail to extend your transformation any further.
You hit the quokka.
You kill the quokka!
There is a stone staircase leading down here.
You start resting.
Your transformation is almost over.
You start resting.
Your claws disappear.
You start resting.
HP restored.
You climb downwards.
The ogre hits you with a giant club!
There is a stone staircase leading up here.
The ogre hits you with a giant club!
Ouch! That really hurt!
You die...

### ...# ....#
#########.....#
#@OKg..('.....+
#########.....#
....# g..# ..#
.


You could see an ogre, a hobgoblin and a kobold.

Vanquished Creatures
  An adder (D:2)
  2 giant geckos
  5 bats
  3 giant cockroaches
  5 goblins
  11 hobgoblins
  2 jackals (D:2)
  11 kobolds
  A quokka (D:3)
  2 ball pythons
  4 giant newts
  7 rats
54 creatures vanquished.

Notes
Turn   | Place    | Note
--------------------------------------------------------------
     0 | D:1      | Ulfgar, the Naga Transmuter, began the quest for the Orb.
     0 | D:1      | Reached XP level 1. HP: 18/18 MP: 1/1
   112 | D:1      | Reached XP level 2. HP: 9/25 MP: 0/3
   886 | D:1      | Reached skill level 4 in Unarmed Combat
  1020 | D:1      | Reached XP level 3. HP: 23/31 MP: 4/4
  1069 | D:1      | Learned a level 3 spell: Spider Form
  1934 | D:3      | Reached XP level 4. HP: 29/38 MP: 3/6
  2415 | D:4      | Noticed an ogre
  2459 | D:4      | Mangled by an ogre
